cohdb
Replays
Latest Replays
All Replays
Popular Replays
Top Player Replays
Match Explorer
How It Works
Community
CoH3 Stats
Reddit
Sign in to upload your games and track your stats! →
Sign in with Steam
one of the weirdest games I've ever played
Match 27330927
Overview
Messages
Build Orders
End
Construct Barracks
Selects Armored Battlegroup
Selects Veteran Crews
Riflemen Squad
Riflemen Squad
Riflemen Squad
Grenade Package
Infantry Support Center
Riflemen Squad
Construct Motor Pool
Selects Fast Deploy
M1 Anti-tank Gun Team
Construct Medical Station
M1 Anti-tank Gun Team
M1918 Browning Automatic Rifles
M8 Greyhound Armored Car
Selects M8 Scott SPG
M1 Anti-tank Gun Team
M1 Anti-tank Gun Team
Selects M4A3E8 Sherman Combat Group
M4A3E8 Sherman Combat Group
Selects M31 Recovery Vehicle
M4A3E8 Sherman Combat Group
M4A3E8 Sherman Combat Group
Selects War Machine
M24 Chaffee Light Tank
M4A3E8 Sherman Combat Group
Reakly
Calyon
0
0
Comments
sign in to comment!
No comments posted yet!